 Dungeon Crawl Stone Soup version 0.31-a0-920-g28cbb04a8c (webtiles) character file.

Game seed: 9653573342072164574

4755 Pooter the Cleaver (level 10, -2/90 HPs)
             Began as a Minotaur Berserker on Oct 17, 2023.
             Was an Elder of Trog.
             Slain by a great orb of eyes (10 damage)
             ... on level 1 of the Abyss on Oct 18, 2023.
             The game lasted 00:36:53 (7728 turns).

Pooter the Cleaver (Minotaur Berserker)             Turns: 7728, Time: 00:36:53

Health: -2/90      AC: 15    Str: 24    XL:     10   Next: 23%
Magic:  9/9        EV:  7    Int:  6    God:    Trog [****..]
Gold:   234        SH:  0    Dex: 12    Spells: 9/9 levels left

rFire   . . .        a - +2 flail (heavy)
rCold   + . .        (no shield)
rNeg    . . .        F - +1 plate armour of the Good {rElec rC+ Dex+2 Stlth+}
rPois   .            (helmet restricted)
rElec   +            A - scarf {harm}
rCorr   .            c - +2 pair of gloves
SInv    .            (no boots)
Will    +....        (no amulet) Stlth
                     q - +4 ring of slaying
HPRegen 0.35/turn    u - ring of willpower
MPRegen 0.11/turn

%: harm (+30% outgoing, +20% incoming)
@: no status effects
A: horns 2, retaliatory headbutt
a: Renounce Religion, Berserk, Trog's Hand, Brothers in Arms


You were on level 1 of the Abyss.
You worshipped Trog.
Trog was greatly pleased with you.
You visited 1 branch of the dungeon, and saw 9 of its levels.
You visited the Abyss 1 time.

You collected 409 gold pieces.
You spent 175 gold pieces at shops.

Inventory:

Hand Weapons
 a - a +2 heavy flail (weapon)
   (You took it off an orc priest on level 4 of the Dungeon)
 b - a +0 orcbow
   (You found it on level 3 of the Dungeon)
 h - a +0 halberd
   (You took it off a gnoll on level 2 of the Dungeon)
 k - a +4 trident of draining
   (You took it off Jeremiah on level 7 of the Dungeon)
 l - a +0 war axe
   (You took it off an orc on level 3 of the Dungeon)
 x - a +1 flail of protection
   (You took it off Edmund on level 6 of the Dungeon)
 B - a +4 heavy spear
   (You took it off a gnoll sergeant on level 7 of the Dungeon)
Missiles
 f - 13 boomerangs (quivered)
 z - 10 poisoned darts
 Q - 35 stones
Armour
 c - a +2 pair of gloves (worn)
   (You found it on level 2 of the Dungeon)
 i - a +4 ring mail of poison resistance
   (You took it off Edmund on level 6 of the Dungeon)
 A - a scarf of harm (worn)
   (You found it on level 7 of the Dungeon)
 F - the +1 plate armour of the Good (worn) {rElec rC+ Dex+2 Stlth+}
   (You found it on level 8 of the Dungeon)

   Dex+2:     It affects your dexterity (+2).
   rC+:       It protects you from cold.
   rElec:     It insulates you from electricity.
   Stlth+:    It makes you more stealthy.
Jewellery
 q - a +4 ring of slaying (left hand)
   (You took it off a kobold on level 4 of the Dungeon)
 u - a ring of willpower (right hand)
   (You found it on level 6 of the Dungeon)
 C - a ring of ice
   (You found it on level 7 of the Dungeon)
Wands
 r - a wand of charming (9)
   (You found it on level 5 of the Dungeon)
Scrolls
 d - 3 scrolls of fear
 g - 3 scrolls of immolation {!r}
 m - a scroll of vulnerability {!r}
 n - a scroll of fog
 s - 3 scrolls of revelation
 t - 2 scrolls of teleportation {@r4}
 w - a scroll of poison {!r}
 y - a scroll of enchant weapon {unknown}
 D - a scroll of blinking {unknown}
 E - a scroll of enchant armour {unknown}
Potions
 e - 2 potions of might {unknown}
 j - a potion of lignification {unknown}
 o - a potion of heal wounds {@q2}
 p - 4 potions of haste {@q3}
 v - 2 potions of attraction {unknown}


   Skills:
 + Level 8.9 Fighting
 - Level 10.2(10.9) Axes
 * Level 6.1(9.0) Maces & Flails
 * Level 9.7 Ranged Weapons
 - Level 2.4 Armour
 - Level 2.1 Dodging
 - Level 2.8 Stealth


You had 9 spell levels left.
You didn't know any spells.
Your spell library was empty.

Dungeon Overview and Level Annotations

Branches:
Dungeon (9/15) Zot: 26976  Temple (0/1) D:4
   Lair: D:8-11         Orc: D:9-12

Altars:
Ashenzari
Dithmenos
Makhleb
Okawaru
Trog
Vehumet
Xom
Zin

Shops:
D:1 ?

Annotations:
D:9 Psyche


Innate Abilities, Weirdness & Mutations

You have a pair of horns on your head.
You reflexively headbutt those who attack you in melee.


Message History

You are cast into the Abyss!
This branch contains the abyssal rune of Zot.
Found a gateway leading deeper into the Abyss.
The great orb of eyes turns its gaze towards you.
The small abomination hits you.
You shoot an arrow. The arrow hits the small abomination.
The small abomination closely misses you.
You furiously retaliate!
You headbutt the small abomination!
You destroy the small abomination!
Trog accepts your kill. The great orb of eyes gazes at you.
You easily resist.
You shoot an arrow. The arrow hits the great orb of eyes.
You shoot an arrow. The arrow hits the great orb of eyes.
The great orb of eyes gazes at you. You resist with significant effort.
You shoot an arrow.
The arrow hits the great orb of eyes but does no damage.
You shoot an arrow. The arrow hits the great orb of eyes.
The great orb of eyes gazes at you.
You easily resist.
You shoot an arrow.
The arrow hits the great orb of eyes but does no damage.
You shoot an arrow.
The arrow hits the great orb of eyes but does no damage.
The great orb of eyes bites you but does no damage.
The great orb of eyes bites you.
a - a +2 heavy flail (weapon)
A large abomination comes into view.
You hit the great orb of eyes but do no damage.
You headbutt the great orb of eyes! The great orb of eyes bites you!
The large abomination hits you!!
You barely miss the great orb of eyes.
You headbutt the great orb of eyes, but do no damage.
The great orb of eyes bites you!
The large abomination hits you but does no damage.
The great orb of eyes bites you but does no damage.
You barely miss the great orb of eyes.
The large abomination hits you but does no damage.
The great orb of eyes bites you but does no damage.
The large abomination hits you!!
* * * LOW HITPOINT WARNING * * *
You hear a roar!
You hit the great orb of eyes but do no damage.
You headbutt the great orb of eyes, but do no damage.
The great orb of eyes bites you but does no damage.
The large abomination hits you!
* * * LOW HITPOINT WARNING * * *
The great orb of eyes bites you!
You die...

.. #.. .##..
.... . ... #.
#.. ## #
#..##.. ### #
.......#X#.#..
.......@# ..#
#..##.G.#..#
#......#
..§....#...
..§....##.>...#
#..##.. .#####
#.. #.. #. ..
... # ....


You could see a great orb of eyes and a large abomination.

Vanquished Creatures
  Pikel (D:3)
  Maggie (D:7)
  Jeremiah (D:7)
  A wyvern (D:8)
  Eustachio (D:5)
  The ghost of Kuronicle the Insei, an amateur DgSh (D:3)
  Edmund (D:6)
  Menkaure (D:5)
  3 water moccasins
  An orc warrior (D:6)
  4 ice beasts
  An ogre (D:6)
  3 centaurs
  2 phantoms
  A small abomination (Abyss:1)
  A kobold brigand (D:8)
  6 bullfrogs
  A gnoll sergeant (D:7)
  A scorpion (D:6)
  4 wights (D:8)
  4 killer bees (D:8)
  2 howler monkeys
  2 jellies (D:6)
  A hound (D:3)
  3 orc priests
  Natasha (thrice) (D:4)
  3 iguanas
  4 orc wizards
  11 gnolls
  8 adders
  A shadow imp (D:8)
  A white imp (D:6)
  2 worms (D:4)
  The ghost of Kurtz the Sneak, a weakling NaDe (D:5)
  7 dart slugs
  33 orcs
  5 bats
  7 endoplasms
  6 giant cockroaches
  11 hobgoblins
  6 jackals
  6 quokkas
  10 ball pythons
  5 frilled lizards
  3 goblins
  7 kobolds
  3 rats
191 creatures vanquished.

Vanquished Creatures (collateral kills)
  2 kobolds (D:8)
2 creatures vanquished.

Grand Total: 193 creatures vanquished

Notes
Turn   | Place    | Note
-------+----------+-------------------------------------------
     0 | D:1      | Pooter the Minotaur Berserker began the quest for the Orb.
     0 | D:1      | Reached XP level 1. HP: 19/19 MP: 0/0
    45 | D:1      | Found a faded altar of an unknown god.
   110 | D:1      | Reached XP level 2. HP: 27/27 MP: 1/1
   159 | D:1      | Reached skill level 4 in Axes
   168 | D:1      | Found Dityrch's Magic Scroll Boutique.
   176 | D:1      | Reached skill level 1 in Stealth
   201 | D:1      | Reached XP level 3. HP: 22/33 MP: 2/2
   287 | D:1      | Bought a scroll of identify for 28 gold pieces
   409 | D:1      | Reached ** piety under Trog
  1174 | D:2      | Reached XP level 4. HP: 39/40 MP: 3/3
  1531 | D:2      | Reached skill level 5 in Axes
  1592 | D:2      | Found a shimmering altar of Xom.
  1980 | D:3      | Found a shadowy altar of Dithmenos.
  2011 | D:3      | Reached XP level 5. HP: 42/47 MP: 4/4
  2324 | D:3      | Found a runed translucent door.
  2327 | D:3      | Noticed Kuronicle's ghost (amateur DgSh)
  2403 | D:3      | Killed Kuronicle's ghost
  2404 | D:3      | Reached skill level 6 in Axes
  2404 | D:3      | Reached XP level 6. HP: 55/55 MP: 5/5
  2476 | D:4      | Reached skill level 5 in Fighting
  2520 | D:4      | Noticed Pikel
  2557 | D:3      | Killed Pikel
  2558 | D:3      | Reached skill level 7 in Axes
  2558 | D:3      | Reached XP level 7. HP: 47/62 MP: 6/6
  2678 | D:3      | Reached *** piety under Trog
  2872 | D:4      | Noticed Natasha
  2879 | D:4      | Killed Natasha
  2880 | D:4      | Reached skill level 5 in Ranged Weapons
  2880 | D:4      | Reached XP level 8. HP: 56/70 MP: 7/7
  2889 | D:4      | Reached skill level 8 in Axes
  2901 | D:4      | Noticed Natasha
  2903 | D:4      | Killed Natasha
  2926 | D:4      | Noticed Natasha
  2930 | D:4      | Killed Natasha
  3041 | D:4      | Found a glowing silver altar of Zin.
  3155 | D:1      | Bought a scroll of revelation for 105 gold pieces
  3289 | D:4      | Found a staircase to the Ecumenical Temple.
  3431 | D:5      | Entered Level 5 of the Dungeon
  3486 | D:5      | Noticed Menkaure
  3490 | D:5      | Noticed Eustachio
  3492 | D:5      | Killed Menkaure
  3497 | D:5      | Killed Eustachio
  3671 | D:1      | Bought a scroll of teleportation for 42 gold pieces
  3853 | D:5      | Found a radiant altar of Vehumet.
  3893 | D:5      | Found an iron altar of Okawaru.
  3897 | D:5      | Reached skill level 9 in Axes
  4045 | D:5      | Found a large runed translucent door.
  4046 | D:5      | Found a large runed translucent door.
  4046 | D:5      | Noticed Kurtz's ghost (weakling NaDe)
  4159 | D:5      | Killed Kurtz's ghost
  4688 | D:6      | Reached XP level 9. HP: 67/79 MP: 8/8
  5043 | D:6      | Found a bloodstained altar of Trog.
  5358 | D:6      | Reached skill level 10 in Axes
  5496 | D:6      | Noticed Edmund
  5507 | D:6      | Killed Edmund
  5628 | D:6      | Reached skill level 1 in Maces & Flails
  6147 | D:7      | Reached **** piety under Trog
  6205 | D:7      | Found a broken altar of Ashenzari.
  6455 | D:7      | Noticed Maggie
  6466 | D:7      | Killed Maggie
  6518 | D:7      | Noticed Jeremiah
  6548 | D:7      | Killed Jeremiah
  6549 | D:7      | Reached skill level 5 in Maces & Flails
  6549 | D:7      | Reached XP level 10. HP: 90/90 MP: 9/9
  7325 | D:8      | Identified the +1 plate armour of the Good {rElec rC+ Dex+2
                  | Stlth+}
  7530 | D:8      | Found a burning altar of Makhleb.
  7666 | D:9      | Noticed Psyche
  7670 | Abyss:1  | Identified the "Zekkoas"
  7670 | Abyss:1  | Cast into level 1 of the Abyss (Psyche)
  7714 | Abyss:1  | Noticed a great orb of eyes
  7728 | Abyss:1  | Slain by a great orb of eyes

Illustrated notes

Levels and vault maps discovered:
D:1:      onia_arrival_handbag, layout_basic, serial_shops,
          nicolae_shop_peninsula, nicolae_ecumenical_snake_handling
D:2:      layout_loops_cross, basic_altar
D:3:      layout_rooms, grunt_dithmenos_smoke_and_mirrors, gammafunk_ghost_grave
D:4:      layout_rooms, zin_academy, temple_hall, uniq_pikel, uniq_natasha
D:5:      layout_rooms, fiery_altar_vehumet, okawaru_metal_pillars_3,
          ebering_ghost_disaster_area, uniq_menkaure, uniq_eustachio
D:6:      layout_loops_ring, marbit_many_paths, uniq_edmund
D:7:      layout_basic, cheibrodos_ashenzari_chains, uniq_maggie, uniq_jeremiah
D:8:      layout_rooms, lightli_temple_of_fire, nicolae_kite_square_tiling_tiny,
          eino_tiny_chamber, minmay_misc_feat_diagonals, minivault_26,
          hex_medium
D:9:      layout_roguey, mainiacjoe_overflow_alcove_1, nzn_wu_jian_council_hall,
          david_orc_2, uniq_psyche
Abyss:1:  base: D:7, kilobyte_mutagenic_chamber

Skill      XL: |  1  2  3  4  5  6  7  8  9 10 |
---------------+-------------------------------+-----
Axes           | 4 5 6 7 9 10 | 10.2
Stealth        | 1 2 |  2.8
Fighting       | 4 5 6 7 8 |  8.9
Ranged Weapons | 2 4 5 7 9 |  9.7
Maces & Flails | 5 6 |  6.1
Armour         | |  2.4
Dodging        | |  2.1

Action                     |  1- 3 |  4- 6 |  7- 9 | 10-12 || total
---------------------------+-------+-------+-------+-------++-------
  Melee: Hand axe          |   101 |    23 |       |       ||   124
         Headbutt          |    16 |    11 |    21 |     5 ||    53
         Punch             |     1 |       |       |       ||     1
         Halberd           |       |    27 |       |       ||    27
         Flail             |       |     9 |   115 |    29 ||   153
   Fire: Orcbow            |       |    12 |    97 |     7 ||   116
  Throw: Boomerang         |     4 |     1 |     1 |     4 ||    10
 Invoke: Berserk           |     1 |     4 |     9 |     2 ||    16
         Trog's Hand       |       |     1 |     4 |       ||     5
  Evoke: Wand              |       |       |     2 |     1 ||     3
    Use: Scroll            |     1 |     2 |     6 |       ||     9
         Potion            |       |     1 |       |       ||     1
   Stab: Sleeping          |     3 |     2 |       |       ||     5
 Armour: Animal skin       |    66 |    40 |    38 |       ||   144
         Chain mail        |       |       |    76 |       ||    76
         Ring mail         |       |       |    60 |    15 ||    75
         Plate armour      |       |       |       |    22 ||    22
  Dodge: Dodged            |    77 |    37 |    91 |    17 ||   222

Table legend: (Time is in decaauts)
 A = Elapsed time spent in this place.
 B = Non-inter-level travel time spent in this place.
 C = Inter-level travel time spent in this place.
 D = Time resting spent in this place.
 E = Time spent auto-exploring this place.
 F = Levels seen in this place.
 G = Mean time per level.
                   A        B        C        D        E       F      G
               +--------+--------+--------+--------+--------+-----+--------+
         Total |   8031 |   7401 |    630 |   1964 |   4046 |  10 |  803.1 |
       Dungeon |   7970 |   7340 |    630 |   1964 |   4006 |   9 |  885.6 |
         Abyss |     61 |     61 |      0 |      0 |     40 |   1 |   61.0 |
               +--------+--------+--------+--------+--------+-----+--------+

Top non-repeatable levels by time:
     D:6: 1657 daAuts
     D:1: 1244 daAuts
     D:7: 1020 daAuts
     D:2: 988 daAuts
     D:8: 925 daAuts
     D:3: 864 daAuts
     D:5: 641 daAuts
     D:4: 604 daAuts
 Abyss:1: 61 daAuts
     D:9: 22 daAuts
